 Dungeon Crawl Stone Soup version 0.30-a0-1018-g25214051b3 (webtiles) character file.

Game seed: 9413604212124971824

539 sking99 the Conjurer (level 7, -4/37 (44) HPs)
             Began as a Gargoyle Reaver on Apr 7, 2023.
             Slain by Maggie
             ... wielding a +2 morningstar of flaming
              (16 damage)
             ... on level 6 of the Dungeon.
             The game lasted 00:09:29 (3544 turns).

sking99 the Conjurer (Gargoyle Reaver)              Turns: 3544, Time: 00:09:29

HP:   -4/37 (44)    AC: 12    Str: 21    XL:     7   Next: 26%
MP:   6/11          EV: 11    Int: 13    God:
Gold: 213           SH:  0    Dex:  8    Spells: 6/12 levels left

rFire   . . .      SeeInvis .    c - +1 whip (elec)
rCold   . . .      Faith    .    (no shield)
rNeg    + + .      Spirit   .    b - +1 leather armour
rPois   ∞          Reflect  .    n - +0 hat
rElec   +          Rampage  .    (no cloak)
rCorr   .                        f - +2 pair of gloves {Str+3}
Will    .....                    (no boots)
Stlth   +                        (no amulet)
HPRegen 0.26/turn                h - ring of positive energy
MPRegen 0.12/turn                (no ring)

@: mesmerised, very slightly contaminated, heavily drained
A: sickness immunity, AC +4, negative energy resistance 1, electricity
resistance, torment resistance 1, petrification resistance
a: no special abilities


You were on level 6 of the Dungeon.
You visited 1 branch of the dungeon, and saw 5 of its levels.

You collected 213 gold pieces.

Inventory:

Hand Weapons
 a - a +0 mace
 c - a +1 whip of electrocution (weapon)
Armour
 b - a +1 leather armour (worn)
 f - a +2 pair of gloves of strength (worn)
 n - a +0 hat (worn)
Jewellery
 h - a ring of positive energy (left hand)
 i - an amulet of faith
 x - an amulet of regeneration
Scrolls
 e - 5 scrolls of teleportation
 g - a scroll of poison
 m - a scroll of enchant weapon
Potions
 d - 3 potions of mutation
 j - 3 potions of heal wounds
 l - 2 potions of lignification
 o - 3 potions of curing
 q - a potion of flight {unknown}
 r - a potion of might {unknown}
 t - a potion of haste {unknown}


   Skills:
 + Level 4.3 Fighting
 + Level 4.6 Maces & Flails
 + Level 3.5 Armour
 - Level 1.6 Dodging
 - Level 3.0 Spellcasting
 + Level 5.0 Conjurations


You had 6 spell levels left.
You knew the following spells:

 Your Spells              Type           Power      Damage    Failure   Level
a - Kiss of Death         Conj/Necr      32%        2d7       10%         1
b - Momentum Strike       Conj/Tloc      16%        3d8       14%         2
c - Hailstorm             Conj/Ice       8%         3d4       28%         3

Your spell library contained the following spells:

 Spells                   Type           Power      Damage    Failure   Level
 Shock                    Conj/Air       32%        1d5       10%         1
 Swiftness                Air            1%         N/A       61%         3
 Airstrike                Air            0%         2d(1-17)  95%         4


Dungeon Overview and Level Annotations

Branches:
Dungeon (4/15)
 Temple: D:4-7

Altars:
Dithmenos
Fedhas
Yredelemnul

Annotations:
D:4 2 transporters
D:6 Maggie


Innate Abilities, Weirdness & Mutations

You are immune to sickness and miasma.
Your stone body is resilient. (AC +4)
You are immune to poison.
You resist negative energy. (rN+)
You are resistant to electric shocks. (rElec)
You are resistant to unholy torment.
You are immune to petrification.


Message History

Confirm with . or Enter, or press ? or * to list all spells.
Aiming: Kiss of Death (safe; 10% risk of failure)
Press: ? - help, Shift-Dir - straight line, f/p - Maggie
Aim: Maggie, wielding a +2 morningstar of flaming, wearing +0 acid dragon scales and carrying a wand of iceblast (3) (lightly wounded, mesmerising, 100% to hit)
You miscast Kiss of Death.
You are very lightly contaminated with residual magic.
Nothing appears to happen.
Maggie barely misses you.
Unknown command.
Casting: Kiss of Death (safe; 10% risk of failure)
Confirm with . or Enter, or press ? or * to list all spells.
Aiming: Kiss of Death (safe; 10% risk of failure)
Press: ? - help, Shift-Dir - straight line, f/p - Maggie
Aim: Maggie, wielding a +2 morningstar of flaming, wearing +0 acid dragon scales and carrying a wand of iceblast (3) (lightly wounded, mesmerising, 100% to hit)
The negative energy hits Maggie.
Maggie is drained!
Maggie is moderately wounded.
You feel drained. Maggie hits you but does no damage.
Casting: Kiss of Death (safe; 10% risk of failure)
Confirm with . or Enter, or press ? or * to list all spells.
Aiming: Kiss of Death (safe; 10% risk of failure)
Press: ? - help, Shift-Dir - straight line, f/p - Maggie
Aim: Maggie, wielding a +2 morningstar of flaming, wearing +0 acid dragon scales and carrying a wand of iceblast (3) (moderately wounded, mesmerising, lightly drained, 100% to hit)
You miscast Kiss of Death.
Nothing appears to happen.
Maggie hits you with a +2 morningstar of flaming!
Maggie burns you.
You barely miss Maggie.
Maggie is moderately wounded.
Unknown command.
You hit Maggie. Lightning courses through Maggie!
Maggie is heavily wounded.
Maggie hits you with a +2 morningstar of flaming.
Maggie burns you.
You closely miss Maggie.
Maggie is heavily wounded.
You are no longer robbed of momentum.
Maggie mumbles some strange words.
Maggie draws you further into her thrall.
You hit Maggie but do no damage.
Maggie is heavily wounded.
Maggie hits you with a +2 morningstar of flaming!
You die...

.# .. .. .#.#
## #.#.# ##.
....#
...####@...###
#.#..@.....§.
#...≈≈§.≈≈§§§
###.≈....§.§≈
#.≈..≈≈≈§§≈
#.≈.≈...≈.≈
#.≈.≈._.≈.≈
#§§.≈...≈.≈
#.§§≈≈≈≈≈.≈
#.≈......


You could see Maggie (mesmerising, drained).

Vanquished Creatures
  Grinder (D:3)
  Sigmund (D:3)
  An orc priest (D:4)
  A jelly (D:4)
  An adder (D:4)
  2 worms
  A dart slug (D:2)
  8 orcs
  3 bats
  11 endoplasms
  6 giant cockroaches
  5 goblins
  11 hobgoblins
  10 jackals
  6 kobolds
  4 quokkas
  8 ball pythons
  3 frilled lizards
  9 rats
92 creatures vanquished.

Notes
Turn   | Place    | Note
-------+----------+-------------------------------------------
     0 | D:1      | sking99 the Gargoyle Reaver began the quest for the Orb.
     0 | D:1      | Reached XP level 1. HP: 12/12 MP: 3/3
     1 | D:1      | Found a runed translucent door.
    94 | D:1      | Reached XP level 2. HP: 13/17 MP: 5/5
   112 | D:1      | Learned a level 2 spell: Momentum Strike
   216 | D:1      | Found a faded altar of an unknown god.
   627 | D:1      | Reached XP level 3. HP: 22/22 MP: 6/6
   653 | D:1      | Reached skill level 1 in Armour
  1343 | D:2      | Reached XP level 4. HP: 26/27 MP: 7/7
  1627 | D:3      | Found a blossoming altar of Fedhas.
  1633 | D:3      | Learned a level 3 spell: Hailstorm
  1737 | D:3      | Noticed Sigmund
  1748 | D:3      | Killed Sigmund
  1749 | D:3      | Reached skill level 4 in Conjurations
  1749 | D:3      | Reached XP level 5. HP: 16/32 MP: 4/9
  1749 | D:3      | Reached XP level 6. HP: 18/37 MP: 4/10
  1840 | D:3      | Noticed Grinder
  1869 | D:3      | Paralysed by Grinder for 4 turns
  1877 | D:3      | Killed Grinder
  2699 | D:3      | Reached XP level 7. HP: 40/43 MP: 11/11
  3119 | D:4      | Found a transporter.
  3211 | D:4      | Found a transporter.
  3239 | D:4      | Reached skill level 5 in Conjurations
  3299 | D:4      | Found a basalt altar of Yredelemnul.
  3370 | D:4      | Identified a scroll of acquirement
  3370 | D:4      | Acquired a +2 pair of gloves of strength
  3526 | D:4      | You fall into a shaft and drop 2 floors!
  3526 | D:6      | Found a shadowy altar of Dithmenos.
  3532 | D:6      | Noticed Maggie
  3544 | D:6      | Slain by Maggie

Illustrated notes

Levels and vault maps discovered:
D:1:      dpeg_arrival_caged_fury, layout_loops_ring, basic_ecumenical_altar,
          moated_statue, chequers_mini_garden
D:2:      minmay_door_path, layout_basic
D:3:      layout_basic, lemuel_crystal_altar, uniq_grinder, uniq_sigmund
D:4:      gammafunk_steamed_eel, layout_rooms, minmay_overflow_temple_star_hex,
          mainiacjoe_overflow_small_starburst
D:6:      layout_rooms, mainiacjoe_overflow_surrounded_room,
          okawaru_metal_pillars_1_2, mainiacjoe_overflow_concentric_impassable,
          uniq_maggie

Skill      XL: |  1  2  3  4  5  6  7 |
---------------+----------------------+-----
Armour         | 1 2 3 |  3.5
Fighting       | 3 4 |  4.3
Spellcasting   | 3 |  3.0
Conjurations   | 4 5 |  5.0
Maces & Flails | 4 |  4.6
Dodging        | |  1.6

Action                     |  1- 3 |  4- 6 |  7- 9 || total
---------------------------+-------+-------+-------++-------
  Melee: Mace              |    27 |       |       ||    27
         Whip              |   136 |    66 |    94 ||   296
         Punch             |     1 |       |       ||     1
   Cast: Kiss of Death     |     1 |     3 |     1 ||     5
         Momentum Strike   |       |       |     1 ||     1
    Use: Scroll            |       |       |    13 ||    13
 Armour: Leather armour    |    87 |    19 |    23 ||   129
  Dodge: Dodged            |   116 |    33 |    36 ||   185

Table legend: (Time is in decaauts)
 A = Elapsed time spent in this place.
 B = Non-inter-level travel time spent in this place.
 C = Inter-level travel time spent in this place.
 D = Time resting spent in this place.
 E = Time spent auto-exploring this place.
 F = Levels seen in this place.
 G = Mean time per level.
                   A        B        C        D        E       F      G
               +--------+--------+--------+--------+--------+-----+--------+
         Total |   3526 |   3375 |    151 |    787 |   1935 |   5 |  705.2 |
       Dungeon |   3526 |   3375 |    151 |    787 |   1935 |   5 |  705.2 |
               +--------+--------+--------+--------+--------+-----+--------+

Top non-repeatable levels by time:
     D:3: 1416 daAuts
     D:2: 855 daAuts
     D:1: 765 daAuts
     D:4: 470 daAuts
     D:6: 17 daAuts
